 Dungeon Crawl Stone Soup version 0.32-a0-814-g0968bab981 (webtiles) character file.

Game seed: 13791498870285715852

81 cforsyth the Firebug (level 4, 0/40 HPs)
             Began as a Mountain Dwarf Cinder Acolyte on Mar 22, 2024.
             Was a High Priest of Ignis.
             Slain by an orc priest
             ... wielding a +0 flail
              (9 damage)
             ... on level 2 of the Dungeon.
             The game lasted 00:02:14 (1928 turns).

cforsyth the Firebug (MDCA)                         Turns: 1928, Time: 00:02:14

Health: 0/40       AC:  2    Str: 18    XL:     4   Next: 19%
Magic:  1/6        EV: 10    Int: 15    God:    Ignis [*****.]
Gold:   72         SH:  0    Dex:  5    Spells: 4/6 levels left

rFire   + . .        a - -1 hand axe (flame)
rCold   . . .        (no shield)
rNeg    + . .        b - +0 robe
rPois   +            (no helmet)
rElec   .            (no cloak)
rCorr   .            (no gloves)
SInv    .            (no boots)
Will    .....        (no amulet)
Stlth   +            P - ring of poison resistance
HPRegen 0.26/turn    N - ring of positive energy
MPRegen 0.10/turn

%: no passive effects
@: no status effects
A: runic magic, artefact enchanting
a: Renounce Religion, Fiery Armour, Foxfire Swarm, Rising Flame


You were on level 2 of the Dungeon.
You worshipped Ignis.
Ignis was extremely pleased with you.
You visited 1 branch of the dungeon, and saw 3 of its levels.

You collected 72 gold pieces.


Innate Abilities, Weirdness & Mutations

Your spellcasting is much less encumbered by armour.
You can use scrolls of enchantment on lesser artefacts.


   Skills:
 + Level 3.9 Fighting
 + Level 4.2 Axes
 + Level 1.5 Armour
 + Level 1.6 Spellcasting
 + Level 4.2 Fire Magic


You had 4 spell levels left.
You knew the following spells:

 Your Spells              Type           Power      Damage    Failure   Level
X - Scorch                Fire           28%        2d6       6%          2

Your spell library contained the following spells:

 Spells                   Type           Power      Damage    Failure   Level
 Inner Flame              Hex/Fire       7%         N/A       28%         3
 Flame Wave               Conj/Fire      7%         2d5       67%         4
 Sticky Flame             Fire/Alch      7%         2d4       67%         4

Inventory:

Hand Weapons
 a - a -1 hand axe of flaming (weapon)
Armour
 b - a +0 robe (worn)
Jewellery
 N - a ring of positive energy (right hand)
 P - a ring of poison resistance (left hand)
Scrolls
 c - a scroll of enchant weapon {unknown}
 d - 4 scrolls of fear {unknown}
 e - 2 scrolls of identify {unknown}
 f - 2 scrolls of blinking {unknown}
 i - a scroll of teleportation {unknown}
Potions
 g - a potion of curing {unknown}
 h - a potion of lignification {unknown}
 j - a potion of heal wounds {unknown}

Dungeon Overview and Level Annotations

Branches:
Dungeon (3/15)

Altars:

#...........####.#
#.#.#.#####.####.#
#.#.#............#
#.#.#............#
#.#.#............#
#.#<.............#
#.#..#...........#
..#..#...........#
................@#
.....###########o#
####.######## #.#
#..........# #.#
#..<..(....# #.#
#..........# #.#
#..........# #.#
#..........# #.#
#..........# #.#


You could see an orc priest (combustible).


Message History

You kill the rat!
You hear a shout!
Flames lash the orc priest.
The orc priest is moderately wounded.
The orc priest's fire resistance burns away.
The orc shouts!
Flames lash the orc priest.
The orc priest is burned terribly!
The orc priest is almost dead.
You hear a shout!
An orc comes into view. It is wielding a +0 morningstar.
You completely miss the orc priest.
The orc priest is almost dead.
The orc priest hits you with a +0 flail!
The orc priest hits you with a +0 flail!
You climb upwards.
There is a stone staircase leading down here.
You barely miss the orc priest.
The orc priest is almost dead.
The orc priest hits you with a +0 flail!
* * * LOW HITPOINT WARNING * * *
You closely miss the orc priest.
The orc priest is almost dead.
The orc priest hits you with a +0 flail!
* * * LOW HITPOINT WARNING * * *
The orc priest miscasts a cantrip.
You closely miss the orc priest.
The orc priest is almost dead.
The orc priest hits you with a +0 flail!
You die...
Ignis goes out, and joins you in death.

Skill      XL: |  1  2  3 |
---------------+----------+-----
Armour         | 1 |  1.5
Axes           | 4 |  4.2
Fire Magic     | 4 |  4.2
Fighting       | |  3.9
Spellcasting   | |  1.6

Action                     |  1- 3 |  4- 6 || total
---------------------------+-------+-------++-------
  Melee: Hand axe          |    59 |    10 ||    69
   Cast: Scorch            |    30 |     7 ||    37
 Armour: Robe              |    48 |     8 ||    56
  Dodge: Dodged            |    43 |     2 ||    45

Levels and vault maps discovered:
D:1:      amcnicky_arrival_flooded_fountain, layout_basic, minmay_tall_x
D:2:      minmay_angry_zag, layout_basic
D:3:      layout_loops_ring, dreamdust_ecumenical_altar_hidden_monk_grotto

Notes
Turn   | Place    | Note
-------+----------+-------------------------------------------
     0 | D:1      | cforsyth the Mountain Dwarf Cinder Acolyte began the quest
                  | for the Orb.
     0 | D:1      | Reached XP level 1. HP: 19/19 MP: 2/2
    45 | D:1      | Reached XP level 2. HP: 14/26 MP: 3/3
   191 | D:1      | Reached skill level 1 in Armour
   197 | D:1      | Learned a level 2 spell: Scorch
   369 | D:1      | Reached skill level 4 in Axes
   429 | D:1      | Reached XP level 3. HP: 31/31 MP: 1/5
   657 | D:1      | Reached skill level 4 in Fire Magic
  1661 | D:2      | Reached XP level 4. HP: 27/40 MP: 2/6
  1928 | D:2      | Slain by an orc priest

Vanquished Creatures
  2 adders
  A dart slug (D:2)
  7 ball pythons
  7 endoplasms
  4 giant cockroaches
  4 goblins
  4 hobgoblins
  6 kobolds
  A quokka (D:1)
  5 bats
  4 frilled lizards
  13 rats
58 creatures vanquished.

Table legend: (Time is in decaauts)
 A = Elapsed time spent in this place.
 B = Non-inter-level travel time spent in this place.
 C = Inter-level travel time spent in this place.
 D = Time resting spent in this place.
 E = Time spent auto-exploring this place.
 F = Levels seen in this place.
 G = Mean time per level.
                   A        B        C        D        E       F      G
               +--------+--------+--------+--------+--------+-----+--------+
         Total |   1935 |   1907 |     28 |    138 |   1490 |   3 |  645.0 |
       Dungeon |   1935 |   1907 |     28 |    138 |   1490 |   3 |  645.0 |
               +--------+--------+--------+--------+--------+-----+--------+

Top non-repeatable levels by time:
     D:2: 859 daAuts
     D:1: 857 daAuts
     D:3: 219 daAuts

Table legend:
 A = Non-vault XP
 B = Vault XP
 C = Vault XP percentage of total XP
 D = Non-vault monster count
 E = Vault monster count
 F = Vault count percentage of total count
                 A         B        C        D         E       F
            +---------+---------+-------+---------+---------+-------
      Total |      91 |      25 |  21.6 |      49 |       9 |  15.5
            +---------+---------+-------+---------+---------+-------
        D:1 |      42 |       6 |  12.5 |      26 |       4 |  13.3
        D:2 |      29 |      19 |  39.6 |      16 |       5 |  23.8
        D:3 |      20 |       0 |   0.0 |       7 |       0 |   0.0
            +---------+---------+-------+---------+---------+-------
